 Dungeon Crawl Stone Soup version 0.30-a0-591-g3c58d2bc28 (webtiles) character file.

Game seed: 1654500889457511846

1821 brightshaft the Cleaver (level 9, 0/75 HPs)
             Began as a Hill Orc Fighter on Jan 4, 2023.
             Was an Initiate of Beogh.
             Slain by an orc
             ... wielding a +0 flail
              (7 damage)
             ... on level 5 of the Dungeon.
             The game lasted 00:11:52 (5505 turns).

brightshaft the Cleaver (Hill Orc Fighter)          Turns: 5505, Time: 00:11:53

Health: 0/75       AC: 12    Str: 30    XL:     9   Next: 10%
Magic:  3/3        EV:  7    Int:  8    God:    Beogh [......]
Gold:   148        SH:  9    Dex: 10    Spells: 8/8 levels left

rFire   . . .      SeeInvis .    v - +4 hand axe of Truncation {antimagic, Str+7}
rCold   + . .      Faith    .    y - +0 kite shield
rNeg    + . .      Spirit   .    B - +1 chain mail {rC+}
rPois   .          Reflect  .    (no helmet)
rElec   .          Harm     .    (no cloak)
rCorr   .          Rampage  .    (no gloves)
Will    .....                    e - +0 pair of boots Stlth
                                 (no amulet)
HPRegen 0.32/turn                m - ring of positive energy
MPRegen 0.08/turn                p - ring of flight

@: lethally poisoned (0 -> -8), flying
A: no striking features
a: Renounce Religion


You were on level 5 of the Dungeon.
You worshipped Beogh.
Beogh was noncommittal.
You visited 1 branch of the dungeon, and saw 6 of its levels.

You collected 148 gold pieces.

Inventory:

Hand Weapons
 a - a +0 war axe
 b - a +0 morningstar
 v - the +4 hand axe of Truncation (weapon) {antimagic, Str+7}
   (You found it on level 5 of the Dungeon)

   Str:       It affects your strength (+7).
Missiles
 d - 3 boomerangs (quivered)
 x - 2 throwing nets
Armour
 e - a +0 pair of boots (worn)
 i - a +0 chain mail
 y - a +0 kite shield (worn)
 B - a +1 chain mail of cold resistance (worn)
Jewellery
 m - a ring of positive energy (left hand)
 p - a ring of flight (right hand)
 r - a ring of magical power
Wands
 t - a wand of polymorph (10)
 w - a wand of iceblast (5)
Scrolls
 c - a scroll of fear {unknown}
 h - a scroll of noise
 k - a scroll of fog
 l - a scroll of magic mapping
 n - 7 scrolls of identify {@r1}
Potions
 g - 2 potions of ambrosia {unknown}
 j - a potion of attraction {unknown}
 q - a potion of resistance {unknown}
 s - 2 potions of heal wounds {unknown}
 u - a potion of magic {unknown}


   Skills:
 + Level 6.1 Fighting
 * Level 11.2 Axes
 + Level 5.6 Armour
 + Level 5.6 Shields
 + Level 3.7 Invocations


You had 8 spell levels left.
You didn't know any spells.
Your spell library contained the following spells:

 Spells                   Type           Power      Damage    Failure   Level
 Sandblast                Erth           0%         2d4       99%         1
 Ensorcelled Hibernation  Hex/Ice        0%         N/A       100%        2
 Passwall                 Tmut/Erth      0%         N/A       100%        2
 Ozocubu's Armour         Ice            0%         N/A       100%        3
 Spider Form              Tmut/Pois      0%         N/A       100%        3
 Stone Arrow              Conj/Erth      0%         3d7       100%        3
 Anguish                  Hex/Necr       0%         N/A       100%        4
 Ozocubu's Refrigeration  Ice            0%         4d7       100%        7


Dungeon Overview and Level Annotations

Branches:
Dungeon (6/15)
 Temple: D:4-7

Altars:
Okawaru
Ru
Sif Muna
Vehumet

Annotations:
D:6 Edmund


Message History

The orc closely misses you.
You fly upwards.
The scorpion stings you.
* * * LOW HITPOINT WARNING * * *
You block the scorpion's attack.
There is a stone staircase leading down here.
You feel better. The orc barely misses you.
The scorpion stings you but does no damage.
You feel better. You block the adder's attack. You block the orc's attack.
The scorpion stings you but does no damage.
You block the adder's attack.
You hit the adder.
The adder is lightly wounded.
You hit the scorpion. You hit the orc but do no damage.
The orc hits you but does no damage. The scorpion stings you.
* * * LOW HITPOINT WARNING * * *
You are poisoned.
The scorpion poisons you! The adder bites you but does no damage.
You hit the adder but do no damage.
The adder is lightly wounded.
You barely miss the orc. You hit the scorpion.
You feel sick. You block the orc's attack. You block the adder's attack.
The scorpion closely misses you.
You closely miss the adder.
The adder is lightly wounded.
You slash the scorpion! You hit the orc.
You feel sick. The adder bites you.
* * * LOW HITPOINT WARNING * * *
You are more poisoned.
The adder poisons you! The scorpion stings you.
* * * LOW HITPOINT WARNING * * *
The orc hits you with a +0 flail.
* * * LOW HITPOINT WARNING * * *
You slash the adder!
You kill the adder!
Beogh accepts your kill.
You hit the orc but do no damage. You closely miss the scorpion.
* * * LOW HITPOINT WARNING * * *
You feel sick. You block the scorpion's attack.
The orc hits you with a +0 flail!
You die...
Beogh appreciates the orc's killing of a heretic priest.

...........^#
#########
............#
#........
......#.#..##
#.######.
......#.#.## #.#
#. ......#.#.#
#.######.
..........#
#.##.....
#######.#####
#.##.###.
#.s.o...#
#.#......
#.#@###.#
#........ #.#.#
###..###. # #.#
#..###< #..
#...... #...
...####.##...
..................
......#.####.#.#..
#.....# #..###.
.#.#### #.## ##


You could see a scorpion and an orc.

Vanquished Creatures
  Grinder (D:5)
  Eustachio (D:4)
  The ghost of osoart the Stinger, an amateur DrVM (D:4)
  Duvessa (D:4)
  An orc warrior (D:4)
  A sky beast (D:4)
  A phantom (D:5)
  A necrophage (D:5)
  A scorpion (D:4)
  A wight (D:4)
  Dowan (D:4)
  2 hounds (D:4)
  A gnoll bouda (D:5)
  5 jellies
  4 iguanas (D:4)
  Ijyb (D:4)
  3 orc wizards
  Natasha (thrice) (D:4)
  4 gnolls (D:5)
  10 adders
  A white imp (D:5)
  An ufetubus (D:5)
  A worm (D:2)
  4 dart slugs
  8 orcs
  5 endoplasms
  4 giant cockroaches
  14 hobgoblins
  6 jackals
  8 quokkas
  8 ball pythons
  8 bats
  7 frilled lizards
  4 goblins
  6 kobolds
  5 rats
134 creatures vanquished.

Vanquished Creatures (others)
  An orc priest (D:4)
  A dart slug (D:4)
  An orc (D:4)
3 creatures vanquished.

Grand Total: 137 creatures vanquished

Notes
Turn   | Place    | Note
-------+----------+-------------------------------------------
     0 | D:1      | brightshaft the Hill Orc Fighter began the quest for the
                  | Orb.
     0 | D:1      | Reached XP level 1. HP: 19/19 MP: 1/1
    24 | D:1      | Reached skill level 3 in Axes
    38 | D:1      | Reached XP level 2. HP: 6/26 MP: 2/2
    94 | D:1      | Reached skill level 4 in Axes
   243 | D:1      | Found a shimmering blue altar of Sif Muna.
   256 | D:1      | Reached XP level 3. HP: 29/31 MP: 3/3
   518 | D:1      | Reached skill level 5 in Axes
  1680 | D:2      | Reached XP level 4. HP: 37/39 MP: 4/4
  2070 | D:3      | Reached skill level 6 in Axes
  2431 | D:4      | Found a transporter.
  2433 | D:4      | Noticed osoart's ghost (amateur DrVM)
  2434 | D:4      | Found a transporter.
  2537 | D:4      | Reached XP level 5. HP: 30/45 MP: 5/5
  2601 | D:4      | Reached skill level 7 in Axes
  2653 | D:4      | Reached skill level 8 in Axes
  2653 | D:4      | Reached XP level 6. HP: 40/52 MP: 6/6
  2695 | D:4      | Noticed a sky beast
  2712 | D:4      | Killed a sky beast
  2838 | D:4      | Reached XP level 7. HP: 59/59 MP: 7/7
  2855 | D:4      | Noticed Natasha
  2891 | D:4      | Killed Natasha
  3083 | D:4      | Noticed Eustachio
  3108 | D:4      | Killed Eustachio
  3109 | D:4      | Reached skill level 9 in Axes
  3176 | D:4      | Noticed Natasha
  3192 | D:4      | Killed Natasha
  3193 | D:4      | Noticed Duvessa
  3194 | D:4      | Became a worshipper of Beogh the Brigand
  3195 | D:4      | Noticed Ijyb
  3195 | D:4      | Noticed Dowan
  3220 | D:4      | HP: 3/60 [Duvessa/+0 short sword (2)]
  3226 | D:5      | Entered Level 5 of the Dungeon
  3680 | D:5      | Found a sacrificial altar of Ru.
  3721 | D:5      | Noticed Grinder
  3727 | D:5      | Paralysed by Grinder for 4 turns
  3746 | D:5      | Killed Grinder
  3747 | D:5      | Reached skill level 5 in Fighting
  3747 | D:5      | Reached skill level 1 in Invocations
  3747 | D:5      | Reached XP level 8. HP: 68/68 MP: 7/9
  3756 | D:5      | Identified the +4 hand axe of Truncation {antimagic, Str+7}
  3801 | D:5      | Reached skill level 10 in Axes
  3910 | D:5      | Found a radiant altar of Vehumet.
  4083 | D:4      | Reached skill level 5 in Armour
  4207 | D:4      | Reached skill level 5 in Shields
  4365 | D:4      | Killed Ijyb
  4380 | D:4      | Killed Duvessa
  4389 | D:4      | Killed Dowan
  4623 | D:4      | Noticed Natasha
  4682 | D:4      | Killed Natasha
  4860 | D:4      | Reached * piety under Beogh
  4877 | D:4      | Killed osoart's ghost
  4878 | D:4      | Reached skill level 11 in Axes
  4878 | D:4      | Reached XP level 9. HP: 34/75 MP: 3/11
  5120 | D:5      | Found an iron altar of Okawaru.
  5414 | D:5      | Noticed Edmund
  5431 | D:6      | HP: 1/75 [Edmund/+2 flail of protection (15)]
  5505 | D:5      | Slain by an orc

Illustrated notes

Levels and vault maps discovered:
D:1:      dpeg_arrival_shrine, layout_loops_ring, minmay_hexomino_r4
D:2:      layout_loops_corners, minmay_cupped
D:3:      layout_basic
D:4:      minmay_bubble_buster, layout_rooms, gammafunk_ghost_arena,
          kennysheep_donut, grunt_ministairs_14, uniq_natasha, uniq_eustachio,
          uniq_ijyb, uniq_duvessa
D:5:      layout_loops_corners, general_overflow_altar,
          okawaru_metal_pillars_1_2, mainiacjoe_overflow_chevrons,
          minmay_checkerbox, uniq_edmund, uniq_grinder
D:6:      layout_loops_cross, lemuel_temple_firewalk_b, grunt_tough_drop

Skill      XL: |  1  2  3  4  5  6  7  8 |
---------------+-------------------------+-----
Axes           | 3 4 5 6 8 9 11 | 11.2
Fighting       | 4 5 6 |  6.1
Shields        | 4 5 |  5.6
Armour         | 4 5 |  5.6
Invocations    | 1 3 |  3.7

Action                   |  1- 3 |  4- 6 |  7- 9 || total
-------------------------+-------+-------+-------++-------
Melee: War axe           |   137 |   131 |   112 ||   380
       Hand axe          |       |       |   165 ||   165
Throw: Throwing net      |       |       |     1 ||     1
Invok: Convert to Beogh  |       |       |     1 ||     1
  Use: Scroll            |     4 |     2 |     5 ||    11
       Potion            |     2 |       |     8 ||    10
Armor: Scale mail        |    46 |       |       ||    46
       Chain mail        |    23 |    73 |   124 ||   220
Dodge: Dodged            |    63 |    60 |    84 ||   207
Block: Buckler           |    35 |    30 |    14 ||    79
       Kite shield       |       |       |    66 ||    66

Table legend: (Time is in decaauts)
 A = Elapsed time spent in this place.
 B = Non-inter-level travel time spent in this place.
 C = Inter-level travel time spent in this place.
 D = Time resting spent in this place.
 E = Time spent auto-exploring this place.
 F = Levels seen in this place.
 G = Mean time per level.
                   A        B        C        D        E       F      G
               +--------+--------+--------+--------+--------+-----+--------+
         Total |   5538 |   5284 |    254 |      0 |   3878 |   6 |  923.0 |
       Dungeon |   5538 |   5284 |    254 |      0 |   3878 |   6 |  923.0 |
               +--------+--------+--------+--------+--------+-----+--------+

Top non-repeatable levels by time:
     D:4: 1784 daAuts
     D:5: 1170 daAuts
     D:2: 948 daAuts
     D:1: 913 daAuts
     D:3: 652 daAuts
     D:6: 69 daAuts
